 Dungeon Crawl Stone Soup version 0.24-a0-350-g5b3daab (webtiles) character file.

Game seed: 10524198883815917187

115 robertstho the Magician (level 5, -2/37 HPs)
             Began as a Gnoll Wizard on May 23, 2019.
             Killed by nerve-wracking pain
             ... invoked by Grinder
              (8 damage)
             ... on level 4 of the Dungeon.
             The game lasted 00:05:58 (2377 turns).

robertstho the Magician (Gnoll Wizard)              Turns: 2377, Time: 00:05:59

Health: -2/37      AC:  2    Str: 14    XL:     5   Next: 0%
Magic:  14/14      EV: 15    Int: 22    God:
Gold:   144        SH:  0    Dex: 18    Spells: 17/18 levels left

rFire    . . .     SeeInvis .   y - +5 war axe
rCold    . . .     Gourm    .   (no shield)
rNeg     . . .     Faith    .   a - +0 robe
rPois    .         Spirit   .   b - +0 hat
rElec    .         Reflect  .   (no cloak)
rCorr    +         Harm     .   (no gloves)
MR       .....                  (no boots)
Stlth    +.........             n - amulet of rage
HPRegen  0.12/turn              j - ring of resist corrosion
MPRegen  0.14/turn              i - +5 ring of dexterity

@: confused, mighty
A: distributed training, fangs 1, strong nose
a: Evoke Berserk Rage


You were on level 4 of the Dungeon.
You were not hungry.

You visited 1 branch of the dungeon, and saw 4 of its levels.

You collected 144 gold pieces.

Inventory:

Hand Weapons
 c - a +0 club
 f - a +0 short sword
 h - a +1 short sword of venom
 k - a +2 dagger of venom
 y - a +5 war axe (weapon)
Missiles
 p - 7 poisoned darts (quivered)
Armour
 a - a +0 robe (worn)
 b - a +0 hat (worn)
Jewellery
 i - a +5 ring of dexterity (right hand)
 j - a ring of resist corrosion (left hand)
 n - an amulet of rage (around neck)
 o - an uncursed ring of positive energy
Wands
 q - a wand of enslavement (8)
Scrolls
 e - a scroll of identify {unknown}
 u - a scroll of blinking {unknown}
 x - a scroll of enchant armour {unknown}
 B - a scroll of teleportation {unknown}
Potions
 m - a potion of ambrosia
 r - a potion of magic {unknown}
 s - a potion of brilliance {unknown}
 t - a potion of resistance {unknown}
 v - a potion of agility {unknown}
 w - a potion of haste {unknown}
 z - a potion of mutation {unknown}
Comestibles
 d - 9 rations
 A - 2 chunks of flesh


   Skills:
 + Level 1.2 Fighting
 + Level 1.2 Short Blades
 + Level 1.2 Long Blades
 + Level 1.2 Axes
 + Level 1.2 Maces & Flails
 + Level 1.2 Polearms
 + Level 1.2 Staves
 + Level 1.2 Slings
 + Level 1.2 Bows
 + Level 1.2 Crossbows
 + Level 1.2 Throwing
 + Level 1.2 Armour
 + Level 4.7 Dodging
 + Level 4.3 Stealth
 + Level 1.2 Shields
 + Level 1.2 Unarmed Combat
 + Level 7.2 Spellcasting
 + Level 2.3 Conjurations
 + Level 1.0 Hexes
 + Level 1.0 Charms
 + Level 2.3 Summonings
 + Level 1.0 Necromancy
 + Level 2.3 Translocations
 + Level 1.0 Transmutations
 + Level 1.0 Fire Magic
 + Level 1.0 Ice Magic
 + Level 1.0 Air Magic
 + Level 1.0 Earth Magic
 + Level 1.0 Poison Magic
 + Level 1.4 Invocations
 + Level 1.2 Evocations


You had 17 spell levels left.
You knew the following spells:

 Your Spells              Type           Power        Failure   Level  Hunger
a - Magic Dart            Conj           ###.         3%          1    None

Your spell library contained the following spells:

 Spells                   Type           Power        Failure   Level  Hunger
 Blink                    Tloc           N/A          4%          2    None
 Call Imp                 Summ           ###.....     4%          2    None
 Slow                     Hex            ##......     8%          2    None
 Conjure Flame            Conj/Fire      ###.....     12%         3    None
 Mephitic Cloud           Conj/Pois/Air  ##......     13%         3    None


Dungeon Overview and Level Annotations

Branches:
Dungeon (4/15)
 Temple: D:4-7

Altars:

Annotations:
D:4 Grinder


Innate Abilities, Weirdness & Mutations

Your experience applies equally to all skills.
You have very sharp teeth.
Your uncanny sense of smell can sniff out nearby items.


Message History

Grinder hits you!
You hit Grinder. You bite Grinder.
Grinder is heavily wounded.
Grinder gestures at you.
You suddenly lose the ability to move!
You feel less invigorated.
You feel less confused. Grinder hits you.
You writhe in agony.
Grinder hits you. Grinder hits you!
* * * LOW HITPOINT WARNING * * *
You writhe in agony.
* * * LOW HITPOINT WARNING * * *
You can move again.
Unknown command.
You are confused.
You feel invigorated. Grinder gestures at you. Pain shoots through your body!
You die...

#...####....#### #
#.....##...## #
#.#...##....#
#####.[...##..##
..###......####
#.#........#..## #
#..............####.##
................#....#
...............5@...#
.##............(#..##
##.............(.....#
##............(....##
###.......<#...>.## #
##..##....#.......
####....##.######.#..
............. ##.##
.#.....####..


You could see Grinder.

Vanquished Creatures
  A worker ant (D:4)
  3 adders
  2 worms (D:2)
  A leopard gecko (D:3)
  2 orcs (D:3)
  4 giant cockroaches
  7 goblins
  7 hobgoblins
  8 jackals (D:2)
  A quokka (D:2)
  4 bats
  2 frilled lizards (D:2)
  5 kobolds
  4 rats
51 creatures vanquished.

Notes
Turn   | Place    | Note
-------+----------+-------------------------------------------
     0 | D:1      | robertstho the Gnoll Wizard began the quest for the Orb.
     0 | D:1      | Reached XP level 1. HP: 13/13 MP: 8/8
   302 | D:1      | Reached XP level 2. HP: 19/19 MP: 7/10
   802 | D:2      | Reached XP level 3. HP: 25/25 MP: 4/11
   980 | D:2      | Reached skill level 1 in Invocations
  1229 | D:2      | Reached skill level 1 in Fighting
  1229 | D:2      | Reached skill level 1 in Short Blades
  1229 | D:2      | Reached skill level 1 in Long Blades
  1229 | D:2      | Reached skill level 1 in Axes
  1229 | D:2      | Reached skill level 1 in Maces & Flails
  1229 | D:2      | Reached skill level 1 in Polearms
  1229 | D:2      | Reached skill level 1 in Staves
  1229 | D:2      | Reached skill level 1 in Slings
  1229 | D:2      | Reached skill level 1 in Bows
  1229 | D:2      | Reached skill level 1 in Crossbows
  1229 | D:2      | Reached skill level 1 in Throwing
  1229 | D:2      | Reached skill level 1 in Armour
  1229 | D:2      | Reached skill level 1 in Shields
  1229 | D:2      | Reached skill level 1 in Unarmed Combat
  1229 | D:2      | Reached skill level 1 in Evocations
  1356 | D:2      | Found a faded altar of an unknown god.
  1543 | D:3      | Reached XP level 4. HP: 27/32 MP: 5/13
  2286 | D:4      | Reached skill level 1 in Hexes
  2286 | D:4      | Reached skill level 1 in Charms
  2286 | D:4      | Reached skill level 1 in Necromancy
  2286 | D:4      | Reached skill level 1 in Transmutations
  2286 | D:4      | Reached skill level 1 in Fire Magic
  2286 | D:4      | Reached skill level 1 in Ice Magic
  2286 | D:4      | Reached skill level 1 in Air Magic
  2286 | D:4      | Reached skill level 1 in Earth Magic
  2286 | D:4      | Reached skill level 1 in Poison Magic
  2300 | D:4      | Reached XP level 5. HP: 37/37 MP: 9/14
  2348 | D:4      | Noticed Grinder
  2357 | D:4      | Paralysed by Grinder for 6 turns
  2373 | D:4      | Paralysed by Grinder for 4 turns
  2377 | D:4      | Killed from afar by Grinder

Levels and vault maps discovered:
D:1:      saegor_arrival_simple_a, layout_basic
D:2:      layout_loops_ring, chequers_ecumenical_altar_simple, first_ration
D:3:      layout_loops_cross, minmay_misc_feat_x
D:4:      layout_cave_pools, lemuel_round_altar, serial_co_window_serial,
          co_window_paths_a, co_window_of_opportunity_a, co_window_corner_a,
          co_window_of_opportunity_a, co_window_corner_a, co_window_paths_b,
          co_window_unsneaky_path_d, co_window_paths_c,
          co_window_of_opportunity_b, co_window_cross_4,
          minmay_misc_feat_encased, trog_hazing_becter, uniq_menkaure,
          uniq_grinder

Skill      XL: |  1  2  3  4 |
---------------+-------------+-----
Conjurations   | 2 |  2.3
Summonings     | 2 |  2.3
Translocations | 2 |  2.3
Invocations    | 1 |  1.4
Fighting       | 1 |  1.2
Short Blades   | 1 |  1.2
Long Blades    | 1 |  1.2
Axes           | 1 |  1.2
Maces & Flails | 1 |  1.2
Polearms       | 1 |  1.2
Staves         | 1 |  1.2
Slings         | 1 |  1.2
Bows           | 1 |  1.2
Crossbows      | 1 |  1.2
Throwing       | 1 |  1.2
Armour         | 1 |  1.2
Shields        | 1 |  1.2
Unarmed Combat | 1 |  1.2
Evocations     | 1 |  1.2
Hexes          | 1 |  1.0
Charms         | 1 |  1.0
Necromancy     | 1 |  1.0
Transmutations | 1 |  1.0
Fire Magic     | 1 |  1.0
Ice Magic      | 1 |  1.0
Air Magic      | 1 |  1.0
Earth Magic    | 1 |  1.0
Poison Magic   | 1 |  1.0
Dodging        | |  4.7
Stealth        | |  4.3
Spellcasting   | |  7.2

Action                   |  1- 3 |  4- 6 || total
-------------------------+-------+-------++-------
Melee: Short sword       |     5 |       ||     5
       Dagger            |    20 |       ||    20
       Bite              |     1 |     2 ||     3
       War axe           |       |     9 ||     9
Throw: Dart              |       |     3 ||     3
 Cast: Magic Dart        |    80 |    34 ||   114
  Use: Potion            |     3 |     5 ||     8
  Eat: Chunk             |     2 |     2 ||     4
Armor: Robe              |     9 |       ||     9
Dodge: Dodged            |    62 |    10 ||    72

Table legend:
 A = Non-vault XP
 B = Vault XP
 C = Vault XP percentage of total XP
 D = Non-vault monster count
 E = Vault monster count
 F = Vault count percentage of total count
                 A         B        C        D         E       F
            +---------+---------+-------+---------+---------+-------
      Total |     165 |       0 |   0.0 |      51 |       0 |   0.0
            +---------+---------+-------+---------+---------+-------
        D:1 |      13 |       0 |   0.0 |       7 |       0 |   0.0
        D:2 |      68 |       0 |   0.0 |      29 |       0 |   0.0
        D:3 |      36 |       0 |   0.0 |      13 |       0 |   0.0
        D:4 |      48 |       0 |   0.0 |       2 |       0 |   0.0
            +---------+---------+-------+---------+---------+-------
